 Dungeon Crawl Stone Soup version 0.28.0-45-g0d030f2227 (webtiles) character file.

Game seed: 5663070839963665113

68 Revguard the Chiller (level 4, -7/32 HPs)
             Began as a Demonspawn Wanderer on Apr 20, 2022.
             Mangled by a gnoll
             ... wielding a +0 flail
              (10 damage)
             ... on level 2 of the Dungeon.
             The game lasted 00:06:25 (1822 turns).

Revguard the Chiller (Demonspawn Wanderer)          Turns: 1822, Time: 00:06:26

Health: -7/32      AC:  6    Str: 15    XL:     4   Next: 1%
Magic:  5/6        EV: 11    Int: 17    God:
Gold:   54         SH:  0    Dex: 10    Spells: 5/6 levels left

rFire   . . .      SeeInvis +   a - +0 mace
rCold   . . .      Faith    .   (no shield)
rNeg    . . .      Spirit   .   e - +2 leather armour of Cheibriados's Hope {+Blink rElec SInv}
rPois   .          Reflect  .   (helmet restricted)
rElec   +          Harm     .   d - +0 cloak
rCorr   .          Rampage  .   (no gloves)
Will    .....                   (no boots)
Stlth   +.........              (no amulet)
HPRegen 0.10/turn               (no ring)
MPRegen 0.10/turn               (no ring)

@: no status effects
A: horns 1, powered by pain 1, big brain 1, see invisible, sense surroundings 1
a: Evoke Blink


You were on level 2 of the Dungeon.
You visited 1 branch of the dungeon, and saw 3 of its levels.

You collected 54 gold pieces.

Inventory:

Hand Weapons
 a - a +0 mace (weapon)
Armour
 c - a +0 leather armour
 d - a +0 cloak (worn)
 e - the +2 leather armour of Cheibriados's Hope (worn) {+Blink rElec SInv}
   (You found it on level 3 of the Dungeon)

   rElec:     It insulates you from electricity.
   SInv:      It lets you see invisible.
   +Blink:    It lets you blink.
Wands
 b - a wand of flame (3)
Scrolls
 g - 2 scrolls of teleportation


   Skills:
 + Level 1.1 Fighting
 + Level 3.0 Maces & Flails
 + Level 0.6 Armour
 + Level 1.0 Dodging
 * Level 1.8 Spellcasting
 + Level 3.7 Ice Magic
 + Level 0.9 Invocations
 + Level 2.3 Evocations


You had 5 spell levels left.
You knew the following spells:

 Your Spells              Type           Power      Damage    Failure   Level
a - Freeze                Ice            56%        1d7       4%          1

Your spell library contained the following spells:

 Spells                   Type           Power      Damage    Failure   Level
 Hailstorm                Conj/Ice       8%         3d4       73%         4
 Summon Ice Beast         Ice/Summ       8%         N/A       73%         4


Dungeon Overview and Level Annotations

Branches:
Dungeon (3/15)

Altars:


Innate Abilities, Weirdness & Mutations

You have a pair of small horns on your head.
You sometimes gain a little power by taking damage.
You have an unusually large brain. (Int +2)
You have supernaturally acute eyesight. (SInv)
You passively map a small area around you.


Message History

Press: ? - help, Q - select action, (/) - cycle Shift-Dir - straight line, f/p - gnoll
Aim: a gnoll, wielding a +0 halberd (heavily wounded)
You miscast Freeze.
You are very lightly contaminated with residual magic.
Nothing appears to happen.
The gnoll hits you with a +0 halberd.
You hit the gnoll.
The gnoll is severely wounded.
The gnoll hits you with a +0 halberd!
You focus on the pain.
You feel agile all of a sudden.
You hit the gnoll.
You kill the gnoll!
Your Dodging skill increases to level 1!
You have reached level 4!
You feel agile.
Your demonic ancestry asserts itself...
Your brain expands.
The gnoll throws a throwing net.
The throwing net closely misses you.
You see here a throwing net.
You feel better.
Your magical contamination has completely faded away.
Things that are here:
a +0 whip; 2 stones You see here a ball python corpse.
There is a stone staircase leading up here.
The gnoll hits you with a +0 flail!
* * * LOW HITPOINT WARNING * * *
You climb upwards.
There is a stone staircase leading down here.
Aiming: Freeze (safe; 4% risk of failure)
Press: ? - help, Q - select action, (/) - cycle Shift-Dir - straight line, f - gnoll
Aim: a gnoll, wielding a +0 flail You freeze the gnoll.
The gnoll is lightly wounded.
The gnoll hits you with a +0 flail!
* * * LOW HITPOINT WARNING * * *
You feel a little less agile now. The gnoll barely misses you.
The gnoll closely misses you.
You hit the gnoll but do no damage. The gnoll hits you with a +0 flail!
You die...

#.##...#..#..#....####.......
#.##.#..#.##......# #.......
##.#..##.#.######..####.......
#..........# #.............
#.......#..## #.#......###†#
#...........# #.....##..##.#
#...........# ###...........
#########...#### #...######..
#...(@.####...# #..
########..#g(.###### #..
#.............####### ###
#.....(....#........# #
#............######.## #
#.......>.##..# ##..######
#.........##).# #.......##
#####..#..##..####.......##
#####......##...............


You could see a gnoll.

Vanquished Creatures
  2 adders (D:2)
  A gnoll (D:3)
  A dart slug (D:2)
  3 endoplasms (D:1)
  2 giant cockroaches
  5 goblins
  2 hobgoblins
  A quokka (D:1)
  10 ball pythons
  A bat (D:1)
  5 frilled lizards
  4 kobolds
  2 rats
39 creatures vanquished.

Notes
Turn   | Place    | Note
-------+----------+-------------------------------------------
     0 | D:1      | Revguard the Demonspawn Wanderer began the quest for the
                  | Orb.
     0 | D:1      | Revguard set off with the following items: a +0 mace, a
                  | wand of flame (3), a +0 leather armour; and the following
                  | spell memorised: Freeze; and the following spells available
                  | to memorise: Hailstorm, Summon Ice Beast
     0 | D:1      | Reached XP level 1. HP: 13/13 MP: 2/2
   272 | D:1      | Gained mutation: You sometimes gain a little power by
                  | taking damage. [demonic ancestry]
   272 | D:1      | Reached XP level 2. HP: 11/19 MP: 0/3
   549 | D:1      | Found a faded altar of an unknown god.
   965 | D:1      | Gained mutation: You have supernaturally acute eyesight.
                  | (SInv) [potion of mutation]
   965 | D:1      | Gained mutation: You passively map a small area around you.
                  | [potion of mutation]
   965 | D:1      | Gained mutation: You have a pair of small horns on your
                  | head. [potion of mutation]
   992 | D:2      | Mutation became permanent: You have a pair of small horns
                  | on your head. [demonic ancestry]
   992 | D:2      | Gained mutation: You have a pair of small horns on your
                  | head. [demonic ancestry]
   992 | D:2      | Reached XP level 3. HP: 24/25 MP: 5/5
  1359 | D:2      | Reached skill level 1 in Fighting
  1715 | D:3      | Identified the +2 leather armour of Cheibriados's Hope
                  | {+Blink rElec SInv}
  1776 | D:3      | Reached skill level 1 in Dodging
  1776 | D:3      | Gained mutation: You have an unusually large brain. (Int
                  | +2) [demonic ancestry]
  1776 | D:3      | Reached XP level 4. HP: 11/32 MP: 1/6
  1822 | D:2      | Mangled by a gnoll

Illustrated notes

Levels and vault maps discovered:
D:1:      tarquinn_simple_flora_water_d, layout_rooms,
          hellmonk_ecumenical_altar_heavens_door, grunt_decor_arrowhead
D:2:      layout_rooms
D:3:      layout_basic, st_stairs_13

Skill      XL: |  1  2  3 |
---------------+----------+-----
Fighting       | 1 |  1.1
Maces & Flails | 3 |  3.0
Dodging        | 1 |  1.0
Armour         | |  0.6
Spellcasting   | |  1.8
Ice Magic      | |  3.7
Invocations    | |  0.9
Evocations     | |  2.3

Action                   |  1- 3 |  4- 6 || total
-------------------------+-------+-------++-------
Melee: Mace              |    59 |     1 ||    60
       Punch             |     1 |       ||     1
       Headbutt          |     3 |       ||     3
 Cast: Freeze            |    31 |     1 ||    32
  Use: Potion            |     4 |     1 ||     5
       Scroll            |     4 |       ||     4
Armor: Leather armour    |    34 |       ||    34
Dodge: Dodged            |    55 |     3 ||    58
